 Dungeon Crawl Stone Soup version 0.29.1-15-g9cfb28693d (webtiles) character file.

Game seed: 9884497971393110247

4695 adizb the Grappler (level 10, -5/102 HPs)
             Began as a Troll Monk on Apr 19, 2023.
             Was a Priest of Qazlal.
             Hit by a javelin thrown by a centaur (9 damage)
             ... in a bailey.
             The game lasted 00:21:53 (4105 turns).

adizb the Grappler (Troll Monk)                     Turns: 4105, Time: 00:21:54

Health: -5/102     AC:  5    Str: 31    XL:     10   Next: 21%
Magic:  9/12       EV: 14    Int:  6    God:    Qazlal [***...]
Gold:   648        SH:  4    Dex: 12    Spells: 9/9 levels left

rFire   . . .      SeeInvis .     - Unarmed
rCold   . . .      Faith    .   (no shield)
rNeg    . . .      Spirit   .   a - +0 robe
rPois   .          Reflect  .   (helmet restricted)
rElec   .          Harm     .   y - +0 cloak
rCorr   .          Rampage  .   (gloves unavailable)
Will    .....                   (boots unavailable)
Stlth   +.........              (no amulet)
HPRegen 1.07/turn               p - +6 ring of strength
MPRegen 0.13/turn               B - +4 ring of evasion

@: very slow
A: large, unfitting armour, claws 3, regeneration 1, shaggy fur 1, tough skin 1
a: Renounce Religion, Upheaval, Elemental Force


You were in a bailey.
You worshipped Qazlal.
Qazlal was most pleased with you.
You visited 1 branch of the dungeon, and saw 8 of its levels.
You also visited: Bailey.

You collected 648 gold pieces.

Inventory:

Hand Weapons
 j - a +7 executioner's axe of freezing
 s - a +2 morningstar
Armour
 a - a +0 robe (worn)
 y - a +0 cloak (worn)
Jewellery
 p - a +6 ring of strength (left claw)
 B - a +4 ring of evasion (right claw)
Wands
 m - a wand of roots (5)
 v - a wand of flame (6)
Scrolls
 c - 3 scrolls of amnesia
 f - 2 scrolls of immolation
 g - a scroll of acquirement {unknown}
 i - 3 scrolls of enchant weapon
 l - 2 scrolls of summoning {unknown}
 u - a scroll of fear
 z - 2 scrolls of butterflies {unknown}
 A - 2 scrolls of teleportation
Potions
 b - a potion of ambrosia
 d - a potion of invisibility {unknown}
 e - 2 potions of magic {unknown}
 h - a potion of resistance {unknown}
 k - a potion of cancellation {unknown}
 n - 2 potions of haste {unknown}
 o - 2 potions of might {unknown}
 r - 2 potions of heal wounds {unknown}
 t - a potion of berserk rage
 w - 2 potions of lignification {unknown}
 C - a potion of attraction {unknown}


   Skills:
 * Level 7.0 Fighting
 + Level 4.9 Armour
 - Level 2.4 Dodging
 - Level 1.0 Stealth
 - Level 3.3 Shields
 * Level 9.4 Unarmed Combat
 + Level 4.9 Invocations


You had 9 spell levels left.
You didn't know any spells.
Your spell library contained the following spells:

 Spells                   Type           Power      Damage    Failure   Level
 Apportation              Tloc           0%         N/A       45%         1
 Foxfire                  Conj/Fire      0%         2x1d4     45%         1
 Necrotise                Necr           0%         1d4       45%         1
 Summon Small Mammal      Summ           0%         N/A       45%         1
 Conjure Flame            Conj/Fire      0%         6-21      83%         3
 Ignite Poison            Fire/Tmut/Pois 0%         N/A       83%         3
 Inner Flame              Hex/Fire       0%         N/A       83%         3
 Mephitic Cloud           Conj/Pois/Air  0%         N/A       83%         3
 Flame Wave               Conj/Fire      0%         2d4       99%         4
 Hailstorm                Conj/Ice       0%         3d3       99%         4
 Ice Form                 Ice/Tmut       0%         N/A       99%         4
 Freezing Cloud           Conj/Ice/Air   0%         6-21      100%        5
 Simulacrum               Ice/Necr       0%         N/A       100%        6


Dungeon Overview and Level Annotations

Branches:
Dungeon (8/15)             Temple (0/1) D:4          Bailey (1/1)
   Lair: D:8-11

Altars:
Fedhas
Okawaru
Qazlal
Uskayaw
Xom


Innate Abilities, Weirdness & Mutations

You are too large for most types of armour.
You have claws for hands.
Your natural rate of healing is unusually fast.
You are covered in fur. (AC +1)
You have tough skin. (AC +1)


Message History

You pick up a book of Flames and begin reading...
Unfortunately, you learned nothing new.
You see here a +7 executioner's axe of freezing.
j - a +7 executioner's axe of freezing You hear a shout!
An orc warrior is nearby!
An orc warrior is nearby!
You hear a shout!
You hear a shout!
You are starting to lose your buoyancy.
You float gracefully downwards.
You hear a shout!
You hear a shout!
You enter the shallow water.
Moving in this stuff is going to be slow.
The orc warrior hits you from afar with a +0 halberd!
The orc warrior hits you from afar with a +0 halberd!
The orc warrior hits you from afar with a +0 halberd!!
* * * LOW HITPOINT WARNING * * *
The orc warrior barely misses you.
Items here: ( ) [ †.
You hear a shout!
The centaur throws a javelin.
The javelin completely misses you.
The centaur throws a javelin.
The javelin pierces through you!
* * * LOW HITPOINT WARNING * * *
Okay, then.
Okay, then.
Aiming: Upheaval
Press: ? - help, Dir - move target, f - centaur
Aim: a centaur, wielding a +0 spear, wearing a +0 chain mail and quivering javelins A storm cloud blasts the area with cutting wind!
The cutting wind hits the centaur!
The centaur is moderately wounded.
The centaur throws a javelin.
The javelin pierces through you!
* * * LOW HITPOINT WARNING * * *
The centaur throws a javelin.
The javelin barely misses you.
Okay, then.
Okay, then.
The centaur throws a javelin.
The javelin pierces through you!
You die...

≈≈≈≈.≈≈≈.........≈≈≈.
≈≈≈≈.≈.............≈c≈≈≈
≈≈≈.≈≈.⌠.........⌠.≈≈.≈≈
≈≈≈.≈...............≈.≈≈
≈≈)≈≈....≈≈≈≈≈≈≈....≈≈.≈
####...≈≈≈~~~~~≈≈≈...≈.≈
....).≈≈≈)≈≈≈≈≈~~≈≈..≈.≈
......≈≈≈~~...§≈○~~....≈
...)).≈≈≈~≈≈≈≈§~@≈≈..≈.≈
####.).≈≈≈~~~~)≈≈≈...≈.≈
≈≈.≈≈...)≈≈≈≈°≈≈....≈≈.≈
≈≈≈.≈.........o.....≈.≈≈
≈≈≈.≈≈.⌠........)⌠.≈≈.≈≈
≈≈≈≈.≈.............≈.≈≈≈
≈≈≈≈.≈≈≈.........≈≈≈.≈≈≈
≈≈≈≈≈..≈≈≈.....≈≈≈..≈≈≈≈
≈≈≈≈≈≈≈..≈≈≈≈≈≈≈o.≈≈≈≈≈≈


You could see an orc warrior and a centaur.

Vanquished Creatures
  Joseph (D:7)
  5 yaks (D:7)
  A steam dragon (D:7)
  Menkaure (D:4)
  A water moccasin (D:6)
  10 orc warriors (Bailey)
  A sky beast (D:7)
  A black bear (D:6)
  2 ice beasts
  2 ogres
  8 centaurs
  2 kobold brigands (D:7)
  3 bullfrogs
  2 scorpions
  A howler monkey (D:7)
  2 orc priests (D:7)
  A jelly (D:5)
  5 hounds
  Jessica (D:2)
  2 iguanas
  11 adders
  8 gnolls
  An ufetubus (D:6)
  2 worms (D:2)
  5 dart slugs
  25 orcs
  5 endoplasms
  2 giant cockroaches (D:1)
  13 goblins
  5 hobgoblins
  2 quokkas
  8 ball pythons
  8 bats
  5 frilled lizards
  17 kobolds
  8 rats
177 creatures vanquished.

Vanquished Creatures (collateral kills)
  A centaur (Bailey)
  An orc (Bailey)
2 creatures vanquished.

Vanquished Creatures (others)
  2 fungi (D:2)
  2 plants (D:1)
  5 toadstools (D:2)
9 creatures vanquished.

Grand Total: 188 creatures vanquished

Notes
Turn   | Place    | Note
-------+----------+-------------------------------------------
     0 | D:1      | adizb the Troll Monk began the quest for the Orb.
     0 | D:1      | Reached XP level 1. HP: 22/22 MP: 0/0
   173 | D:1      | Reached XP level 2. HP: 29/29 MP: 1/1
   564 | D:2      | Reached XP level 3. HP: 36/36 MP: 2/2
   610 | D:2      | Reached skill level 1 in Shields
   667 | D:2      | Reached skill level 1 in Armour
   844 | D:2      | Identified the +5 spear "Xobryjeb" {freeze, rF+ rN+ Int+4}
   892 | D:2      | Found a faded altar of an unknown god.
   902 | D:2      | Reached XP level 4. HP: 44/44 MP: 3/3
   903 | D:2      | Noticed Jessica
   913 | D:2      | Killed Jessica
   914 | D:2      | Reached skill level 4 in Unarmed Combat
  1029 | D:3      | Found a shimmering altar of Xom.
  1370 | D:3      | Found a stormy altar of Qazlal.
  1375 | D:3      | Became a worshipper of Qazlal Stormbringer
  1375 | D:3      | Reached * piety under Qazlal
  1375 | D:3      | Reached ** piety under Qazlal
  1378 | D:3      | Found a hide-covered altar of Uskayaw.
  1513 | D:3      | Found a blossoming altar of Fedhas.
  1638 | D:3      | Reached XP level 5. HP: 53/53 MP: 4/4
  1879 | D:4      | Noticed an ogre
  1891 | D:4      | Killed an ogre
  1892 | D:4      | Reached XP level 6. HP: 42/61 MP: 5/5
  1954 | D:4      | Found an iron altar of Okawaru.
  1956 | D:4      | Noticed Menkaure
  1963 | D:4      | Killed Menkaure
  1964 | D:4      | Reached skill level 5 in Unarmed Combat
  1964 | D:4      | Reached skill level 1 in Invocations
  2109 | D:4      | Found a staircase to the Ecumenical Temple.
  2192 | D:5      | Entered Level 5 of the Dungeon
  2300 | D:5      | Reached XP level 7. HP: 46/67 MP: 7/7
  2692 | D:6      | Reached skill level 6 in Unarmed Combat
  2811 | D:6      | Reached XP level 8. HP: 70/78 MP: 8/8
  3065 | D:6      | Reached *** piety under Qazlal
  3296 | D:7      | Reached skill level 7 in Unarmed Combat
  3376 | D:7      | Reached skill level 5 in Fighting
  3463 | D:7      | Reached XP level 9. HP: 86/88 MP: 10/10
  3473 | D:7      | Noticed Joseph
  3486 | D:7      | Reached skill level 8 in Unarmed Combat
  3497 | D:7      | HP: 1/89 [Joseph/+0 quarterstaff (13)]
  3500 | D:7      | Killed Joseph
  3678 | D:7      | Found a flagged portal.
  3694 | Bailey   | Entered a bailey
  3767 | Bailey   | Reached **** piety under Qazlal
  3776 | Bailey   | Reached skill level 9 in Unarmed Combat
  3830 | Bailey   | Reached XP level 10. HP: 58/100 MP: 12/12
  4104 | Bailey   | HP: 2/102 [centaur/javelin (9)]
  4105 | Bailey   | Hit by a javelin thrown by a centaur

Illustrated notes

Levels and vault maps discovered:
D:1:      dpeg_arrival_tiny_k, layout_basic, serial_forest,
          infiniplex_forest_lined_corner, infiniplex_forest_clump_C,
          infiniplex_forest_straight_5, infiniplex_forest_lined_ring,
          infiniplex_forest_clump_curved, infiniplex_forest_straight_2,
          infiniplex_forest_clump_long, infiniplex_forest_clump_long
D:2:      layout_rooms, ebering_ecumenical_altar_abandoned,
          minmay_gold_behind_fungi, uniq_crazy_yiuf_cottage, uniq_jessica
D:3:      layout_basic, lemuel_crystal_altar, lemuel_tele_altar, minitemple
D:4:      layout_rooms, okawaru_gym_becter, minmay_temple_entry_fiery,
          minmay_fractal_squares_diagonal_5, uniq_menkaure
D:5:      layout_gridville, kennysheep_crisscross
D:6:      layout_loops_ring, serial_glass, glass_columns_b, glass_columns_c,
          due_unseen_surprise
D:7:      statuecave_lemuel, layout_loops_ring, enter_bailey_4, uniq_joseph
D:8:      layout_basic, minmay_liquid_box, kennysheep_nondescript
Bailey:   bailey_polearm_flooded_kennysheep, bailey

Skill      XL: |  1  2  3  4  5  6  7  8  9 10 |
---------------+-------------------------------+-----
Shields        | 1 2 3 |  3.3
Armour         | 1 2 3 4 |  4.9
Unarmed Combat | 4 5 6 7 9 |  9.4
Fighting       | 3 4 5 6 7 |  7.0
Invocations    | 1 2 3 4 |  4.9
Dodging        | |  2.4
Stealth        | |  1.0

Action                   |  1- 3 |  4- 6 |  7- 9 | 10-12 || total
-------------------------+-------+-------+-------+-------++-------
Melee: Unarmed           |    92 |   111 |   217 |    41 ||   461
       Punch             |     2 |     3 |    10 |       ||    15
Throw: Throwing net      |       |       |     2 |     1 ||     3
Invok: Upheaval          |       |     1 |       |     2 ||     3
       Elemental Force   |       |       |       |     1 ||     1
  Use: Scroll            |       |     6 |     5 |       ||    11
       Potion            |       |       |     6 |     1 ||     7
 Stab: Sleeping          |     3 |       |       |       ||     3
       Held in net/web   |       |       |     1 |       ||     1
Armor: Robe              |    21 |    33 |    55 |     8 ||   117
Dodge: Dodged            |    37 |    61 |   119 |    58 ||   275
Block: Other             |       |    12 |    37 |    12 ||    61
